 Dungeon Crawl Stone Soup version 0.30.1-9-gdf580d7c3d (webtiles) character file.

Game seed: 12298262177275824807

2690 cordialsnail the Carver (level 9, -3/63 HPs)
             Began as a Human Fighter on Sept 30, 2023.
             Was an Elder of Fedhas.
             Hit by a large rock thrown by a cyclops (16 damage)
             ... on level 7 of the Dungeon.
             The game lasted 00:32:26 (5991 turns).

cordialsnail the Carver (Human Fighter)             Turns: 5991, Time: 00:32:27

Health: -3/63      AC: 14    Str: 17    XL:     9   Next: 96%
Magic:  9/9        EV:  4    Int:  9    God:    Fedhas [****..]
Gold:   345        SH:  5    Dex: 16    Spells: 8/8 levels left

rFire   . . .        J - +0 scimitar
rCold   . . .        c - +0 buckler
rNeg    . . .        k - +0 plate armour
rPois   .            D - +0 helmet
rElec   .            (no cloak)
rCorr   +            o - +0 pair of gloves
SInv    +            e - +0 pair of boots
Will    .....        g - amulet of regeneration Stlth
                     n - ring of see invisible
HPRegen 1.10/turn    H - ring of resist corrosion
MPRegen 0.11/turn

%: no passive effects
@: mighty
A: no striking features
a: Renounce Religion, Wall of Briars, Grow Ballistomycete, Overgrow


You were on level 7 of the Dungeon.
You worshipped Fedhas.
Fedhas was greatly pleased with you.
You visited 1 branch of the dungeon, and saw 7 of its levels.

You collected 345 gold pieces.

Inventory:

Hand Weapons
 a - a +0 long sword
 j - a +2 dagger of speed
 p - a +2 mace of holy wrath
 y - a +2 glaive of venom
 I - a +1 whip of freezing
 J - a +0 scimitar (weapon)
Missiles
 f - 20 stones
 r - 2 javelins (quivered)
Armour
 b - a +0 scale mail
 c - a +0 buckler (worn)
 e - a +0 pair of boots (worn)
 k - a +0 plate armour (worn)
 o - a +0 pair of gloves (worn)
 D - a +0 helmet (worn)
Jewellery
 g - an amulet of regeneration (around neck)
 n - a ring of see invisible (left hand)
 F - an amulet of regeneration
 H - a ring of resist corrosion (right hand)
Wands
 x - a wand of iceblast (8)
Scrolls
 i - a scroll of torment {unknown}
 l - 2 scrolls of immolation
 m - a scroll of enchant weapon
 q - a scroll of vulnerability {unknown}
 u - 3 scrolls of teleportation
 v - a scroll of amnesia {unknown}
 B - a scroll of blinking {unknown}
 E - 2 scrolls of poison {unknown}
Potions
 h - 3 potions of mutation
 s - 4 potions of haste
 t - 2 potions of resistance {unknown}
 w - 2 potions of curing {unknown}
 z - 2 potions of berserk rage {unknown}
 A - 2 potions of ambrosia {unknown}
 C - a potion of flight {unknown}
 G - 3 potions of cancellation {unknown}


   Skills:
 - Level 3.0 Fighting
 + Level 12.9 Long Blades
 - Level 3.0 Armour
 - Level 3.0 Shields


You had 8 spell levels left.
You didn't know any spells.
Your spell library contained the following spells:

 Spells                   Type           Power      Damage    Failure   Level
 Apportation              Tloc           0%         N/A       100%        1
 Necrotise                Necr           0%         1d4       100%        1
 Summon Small Mammal      Summ           0%         N/A       100%        1
 Ensorcelled Hibernation  Hex/Ice        0%         N/A       100%        2
 Lesser Beckoning         Tloc           0%         N/A       100%        2
 Passwall                 Tmut/Erth      0%         N/A       100%        2
 Gell's Gravitas          Tloc           0%         N/A       100%        3
 Swiftness                Air            0%         N/A       100%        3
 Teleport Other           Tloc           0%         N/A       100%        3


Dungeon Overview and Level Annotations

Branches:
Dungeon (7/15)             Temple (0/1) D:4

Altars:
Ashenzari
Fedhas
Uskayaw

Annotations:
D:3 1 transporter, lonewolfV2's ghost, amateur FoFi
D:6 Prince Ribbit


Message History

You hit the wyvern but do no damage.
The wyvern is heavily wounded.
The wyvern bites you but does no damage.
You hit the wyvern.
The wyvern is severely wounded.
The wyvern barely misses you.
You closely miss the wyvern.
The wyvern is severely wounded.
The wyvern bites you!
You slash the wyvern!
The wyvern is almost dead.
The wyvern bites you but does no damage.
The wyvern hisses menacingly.
You block the wyvern's attack.
You hit the wyvern but do no damage.
The wyvern is almost dead.
The wyvern bites you!
You feel very mighty all of a sudden. The wyvern bites you.
You barely miss the wyvern.
The wyvern is almost dead.
The wyvern bites you. x2
You closely miss the wyvern.
The wyvern is almost dead.
The orc priest invokes the aid of Beogh against you.
Beogh smites you!
The wyvern bites you but does no damage.
You slash the wyvern!
You kill the wyvern!
Fedhas appreciates your contribution to the ecosystem.
The cyclops throws a large rock.
The large rock hits you!!
* * * LOW HITPOINT WARNING * * *
The cyclops throws a large rock.
You block the large rock.
Things that are here:
a +0 club; a +0 leather armour; an orc skeleton
Things that are here:
a +0 flail; 3 boomerangs; an orc skeleton The cyclops throws a large rock.
The large rock hits you!
You die...
Fedhas appreciates your contribution to the ecosystem.

..........##C###...#
.#........##.# #...#
.##.......##C# #.###
..........##.###.### ###
...###.###.....# ...###.+
.......###.....####..#..##
.......).+.....))# #.....########
...#######.....#)###>............
.............###@)...##.......#
####################.##.......###
.)).............<[...............
...........#########.############
....##.......# #.# ....##.......#
#.# ....##.......# #.#
....######'### #.# ....# #.# #.#


You could see a cyclops.

Vanquished Creatures
  Pikel (D:7)
  A wyvern (D:7)
  An orc warrior (D:7)
  2 black bears
  3 ice beasts
  2 ogres
  2 phantoms (D:5)
  2 kobold brigands
  Blork the orc (D:4)
  A bullfrog (D:4)
  A gnoll sergeant (D:6)
  4 wights
  2 vampire bats (D:4)
  A howler monkey (D:6)
  2 orc priests
  2 hounds
  A jelly (D:5)
  3 iguanas
  Natasha (twice) (D:2)
  2 orc wizards
  Terence (D:2)
  8 adders
  7 river rats (D:6)
  2 white imps
  2 ufetubi
  A worm (D:2)
  A dart slug (D:5)
  14 orcs
  7 ball pythons
  6 endoplasms
  A giant cockroach (D:1)
  3 goblins
  4 hobgoblins
  4 jackals (D:3)
  9 quokkas
  8 bats
  8 kobolds
  24 rats
146 creatures vanquished.

Notes
Turn   | Place    | Note
-------+----------+-------------------------------------------
     0 | D:1      | cordialsnail the Human Fighter began the quest for the Orb.
     0 | D:1      | Reached XP level 1. HP: 18/18 MP: 1/1
   191 | D:1      | Reached XP level 2. HP: 24/24 MP: 2/2
   493 | D:1      | Reached skill level 3 in Long Blades
  1260 | D:2      | Found a faded altar of an unknown god.
  1263 | D:2      | Reached XP level 3. HP: 29/29 MP: 3/3
  1279 | D:2      | Prayed at the altar of an unknown god.
  1279 | D:2      | Became a worshipper of Fedhas Madash
  1279 | D:2      | Reached * piety under Fedhas
  1413 | D:2      | Noticed Terence
  1438 | D:2      | Killed Terence
  1439 | D:2      | Reached skill level 4 in Long Blades
  1439 | D:2      | Reached XP level 4. HP: 14/35 MP: 4/4
  1645 | D:2      | Noticed Natasha
  1650 | D:2      | Killed Natasha
  1717 | D:2      | Noticed Natasha
  1727 | D:2      | Killed Natasha
  1728 | D:2      | Reached XP level 5. HP: 39/41 MP: 5/5
  1990 | D:3      | Reached skill level 5 in Long Blades
  2084 | D:3      | Noticed lonewolfV2's ghost (amateur FoFi)
  2085 | D:3      | Found a transporter.
  2085 | D:3      | Noticed an ogre
  2253 | D:3      | Found a hide-covered altar of Uskayaw.
  2253 | D:3      | You fall into a shaft and drop 2 floors!
  2253 | D:5      | Entered Level 5 of the Dungeon
  2266 | D:5      | Noticed a phantom
  2277 | D:5      | Killed a phantom
  2278 | D:5      | Reached XP level 6. HP: 45/47 MP: 6/6
  2293 | D:5      | Reached skill level 6 in Long Blades
  2321 | D:5      | Noticed an ogre
  2335 | D:5      | Killed an ogre
  2375 | D:5      | Reached ** piety under Fedhas
  2483 | D:5      | Reached XP level 7. HP: 52/52 MP: 7/7
  2492 | D:5      | Reached skill level 7 in Long Blades
  2946 | D:5      | Found a blossoming altar of Fedhas.
  3084 | D:4      | Reached skill level 8 in Long Blades
  3304 | D:4      | Noticed Blork the orc
  3314 | D:4      | Killed Blork the orc
  3315 | D:4      | Reached XP level 8. HP: 18/58 MP: 8/8
  3390 | D:4      | Reached skill level 9 in Long Blades
  3405 | D:4      | HP: 2/45 [wight/+2 dagger of speed (7)]
  3562 | D:4      | Reached *** piety under Fedhas
  3599 | D:4      | Found a staircase to the Ecumenical Temple.
  3666 | D:4      | Found a broken altar of Ashenzari.
  4251 | D:6      | Reached skill level 10 in Long Blades
  4480 | D:6      | Reached XP level 9. HP: 36/63 MP: 9/9
  4804 | D:6      | Reached skill level 11 in Long Blades
  4895 | D:6      | Reached **** piety under Fedhas
  5315 | D:6      | Noticed Prince Ribbit
  5586 | D:7      | Noticed Pikel
  5632 | D:7      | Killed Pikel
  5633 | D:7      | Reached skill level 12 in Long Blades
  5948 | D:7      | Noticed a cyclops
  5991 | D:7      | Hit by a large rock thrown by a cyclops

Illustrated notes

Levels and vault maps discovered:
D:1:      ncdulo_smallfort, layout_basic, minmay_pentomino_q2
D:2:      layout_loops_cross, ebering_ecumenical_altar_rust, uniq_natasha,
          uniq_terence
D:3:      layout_loops_ring, mainiacjoe_overflow_chevrons, gammafunk_ghost_smash
D:4:      layout_rooms, lemuel_tele_altar, minmay_temple_entry_fiery,
          roderic_batcave, kennysheep_another_room, nrook_uturn,
          kennysheep_generic_room_12, uniq_blork_the_orc
D:5:      black_bear_nest_2, layout_gridville, fedhas_ov_isle_minmay,
          kennysheep_cross_room
D:6:      lemuel_ratsnest, layout_gridville, uniq_prince_ribbit1
D:7:      hangedman_cross_stitches, layout_basic, kennysheep_mini, serial_shops,
          shop, shop, uniq_pikel

Skill      XL: |  1  2  3  4  5  6  7  8  9 |
---------------+----------------------------+-----
Long Blades    | 3 4 5 6 8 10 12 | 12.9
Fighting       | |  3.0
Armour         | |  3.0
Shields        | |  3.0

Action                     |  1- 3 |  4- 6 |  7- 9 || total
---------------------------+-------+-------+-------++-------
  Melee: Long sword        |    83 |    86 |   420 ||   589
         Scimitar          |       |       |    37 ||    37
  Throw: Stone             |       |     8 |     8 ||    16
         Javelin           |       |     6 |     4 ||    10
    Use: Scroll            |     3 |     1 |     1 ||     5
         Potion            |     1 |       |     4 ||     5
 Armour: Scale mail        |    14 |       |       ||    14
         Plate armour      |    50 |    59 |   266 ||   375
  Dodge: Dodged            |    21 |    17 |    79 ||   117
  Block: Buckler           |    24 |    27 |    95 ||   146
